 Dungeon Crawl Stone Soup version 0.30.1-11-g7821555f0a (webtiles) character file.

Game seed: 1647135105320826146

671 scsoc the Chopper (level 7, -1/61 HPs)
             Began as a Minotaur Fighter on Dec 11, 2023.
             Slain by an ogre
             ... wielding a +0 giant club
              (16 damage)
             ... on level 4 of the Dungeon.
             The game lasted 00:11:52 (3838 turns).

scsoc the Chopper (Minotaur Fighter)                Turns: 3838, Time: 00:11:53

Health: -1/61      AC:  8    Str: 23    XL:     7   Next: 32%
Magic:  6/6        EV: 10    Int:  5    God:
Gold:   163        SH:  4    Dex:  9    Spells: 6/6 levels left

rFire   x . .        x - +1 short sword (elec)
rCold   + . .        c - +0 buckler
rNeg    . . .        b - +0 scale mail
rPois   .            (helmet restricted)
rElec   .            (no cloak)
rCorr   .            (no gloves)
SInv    .            j - +0 pair of boots
Will    .....        g - amulet of the acrobat Stlth
                     s - ring of ice
HPRegen 0.30/turn    (no ring)
MPRegen 0.10/turn

%: acrobat
@: no status effects
A: horns 2, retaliatory headbutt
a: no special abilities


You were on level 4 of the Dungeon.
You visited 1 branch of the dungeon, and saw 4 of its levels.

You collected 163 gold pieces.

Inventory:

Hand Weapons
 a - a +0 war axe
 x - a +1 short sword of electrocution (weapon)
Armour
 b - a +0 scale mail (worn)
 c - a +0 buckler (worn)
 j - a +0 pair of boots (worn)
Jewellery
 g - an amulet of the acrobat (around neck)
 s - a ring of ice (left hand)
 u - a ring of positive energy
Wands
 r - a wand of flame (7)
Scrolls
 f - a scroll of identify
 i - 4 scrolls of fog
 k - a scroll of fear
 l - a scroll of butterflies
 m - a scroll of blinking
 p - a scroll of enchant weapon
 q - 2 scrolls of teleportation
Potions
 d - a potion of might
 e - 2 potions of heal wounds
 h - a potion of haste {unknown}
 n - a potion of degeneration {unknown}
 o - a potion of berserk rage {unknown}
 t - a potion of ambrosia {unknown}
 v - a potion of attraction {unknown}
 w - a potion of curing {unknown}
 z - a potion of brilliance {unknown}


   Skills:
 + Level 5.0 Fighting
 + Level 0.2 Short Blades
 + Level 6.4 Axes
 + Level 5.4 Armour
 + Level 2.5 Dodging
 + Level 0.8 Stealth
 + Level 5.2 Shields


You had 6 spell levels left.
You didn't know any spells.
Your spell library contained the following spells:

 Spells                   Type           Power      Damage    Failure   Level
 Necrotise                Necr           0%         1d4       83%         1
 Slow                     Hex            0%         N/A       83%         1
 Confusing Touch          Hex            0%         N/A       99%         3
 Vampiric Draining        Necr           0%         2d6       99%         3
 Agony                    Necr           0%         N/A       100%        5


Dungeon Overview and Level Annotations

Branches:
Dungeon (4/15)
 Temple: D:4-7

Altars:
Elyvilon
Gozag
Xom


Innate Abilities, Weirdness & Mutations

You have a pair of horns on your head.
You reflexively headbutt those who attack you in melee.


Message History

The orc closely misses you. The orc wizard barely misses you.
The orc hits you but does no damage. The kobold hits you but does no damage.
You barely miss the orc wizard.
The orc wizard is severely wounded.
The ogre hits you with a +0 giant club!!
* * * LOW HITPOINT WARNING * * *
The orc wizard hits you but does no damage.
The orc hits you but does no damage. The orc misses you.
The kobold closely misses you.
You are too injured to fight recklessly!
The orc wizard attacks as you move away!
The orc wizard completely misses you. You furiously retaliate!
You headbutt the orc wizard!
You kill the orc wizard!
You block the orc's attack.
A goblin comes into view. It is wielding a +0 dagger.
The orc attacks as you move away! The orc misses you.
The goblin shouts!
You hit the ogre but do no damage. The ogre closely misses you.
You hit the ogre. Lightning courses through the ogre!! You headbutt the ogre.
You kill the ogre!
Your Fighting skill increases to level 5!
You hit the orc. You headbutt the orc.
You kill the orc!
You hit the orc.
The orc is heavily wounded.
The orc hits you but does no damage.
You hit the orc.
You kill the orc!
You closely miss the kobold. You headbutt the kobold.
You kill the kobold!
You hit the ogre.
The ogre is lightly wounded.
You block the ogre's attack.
You hit the ogre.
The ogre is moderately wounded.
You hit the ogre. You headbutt the ogre.
The ogre is heavily wounded.
The ogre hits you with a +0 giant club!
You die...

# #
##################
#.................
#@##############..
##O########### #..
#.g..)........ #..
#............. #..
#............. #..
#............. #..
#............. ###
#.............
#.............


You could see an ogre and a goblin.

Vanquished Creatures
  Pargi (D:3)
  A black bear (D:4)
  An ogre (D:4)
  A bullfrog (D:4)
  An orc priest (D:4)
  A sleepcap (D:3)
  Ijyb (D:3)
  Natasha (twice) (D:2)
  2 iguanas (D:4)
  An orc wizard (D:4)
  4 adders
  3 worms
  3 dart slugs
  3 orcs (D:4)
  3 endoplasms
  3 giant cockroaches
  7 goblins
  8 hobgoblins
  5 quokkas
  3 ball pythons
  11 bats
  5 frilled lizards
  11 kobolds
  5 rats
86 creatures vanquished.

Notes
Turn   | Place    | Note
-------+----------+-------------------------------------------
     0 | D:1      | scsoc the Minotaur Fighter began the quest for the Orb.
     0 | D:1      | Reached XP level 1. HP: 19/19 MP: 0/0
   142 | D:1      | Reached XP level 2. HP: 25/27 MP: 1/1
   678 | D:1      | Reached skill level 3 in Axes
   698 | D:1      | Reached XP level 3. HP: 33/33 MP: 2/2
  1039 | D:2      | Reached XP level 4. HP: 40/40 MP: 3/3
  1317 | D:2      | Noticed Natasha
  1330 | D:2      | Killed Natasha
  1375 | D:2      | Reached skill level 4 in Axes
  1560 | D:2      | Noticed Natasha
  1573 | D:2      | Killed Natasha
  1574 | D:2      | Reached XP level 5. HP: 29/46 MP: 4/4
  2278 | D:3      | Noticed Pargi
  2288 | D:3      | Killed Pargi
  2289 | D:3      | Reached skill level 5 in Axes
  2289 | D:3      | Reached skill level 1 in Dodging
  2451 | D:3      | Found a shimmering altar of Xom.
  2477 | D:3      | Reached skill level 5 in Shields
  2857 | D:3      | Noticed Ijyb
  2863 | D:3      | Killed Ijyb
  2864 | D:3      | Reached XP level 6. HP: 34/53 MP: 5/5
  3158 | D:3      | Found a white marble altar of Elyvilon.
  3627 | D:4      | Reached skill level 5 in Armour
  3628 | D:4      | Found an opulent altar of Gozag.
  3823 | D:4      | Reached skill level 6 in Axes
  3823 | D:4      | Reached XP level 7. HP: 37/60 MP: 6/6
  3832 | D:4      | Reached skill level 5 in Fighting
  3838 | D:4      | Slain by an ogre

Illustrated notes

Levels and vault maps discovered:
D:1:      minmay_arrival_solitary_statue, layout_loops_corners,
          due_unseen_surprise
D:2:      layout_loops_ring, supply_closet_lemuel, lexackson_kobold_supper,
          uniq_natasha
D:3:      layout_loops_corners, nicolae_elyvilon_temple_path,
          mainiacjoe_overflow_surrounded_room, uniq_ijyb, uniq_pargi
D:4:      layout_basic, lemuel_mausoleum_altar_kikubaaqudgha,
          nicolae_tso_swordbearing_angel, kennysheep_mini_moat,
          minmay_temple_entry_proselytizer, grunt_decor_junction,
          minmay_misc_feat_pillars, minmay_bent

Skill      XL: |  1  2  3  4  5  6  7 |
---------------+----------------------+-----
Armour         | 4 5 |  5.4
Fighting       | 4 5 |  5.0
Shields        | 4 5 |  5.2
Axes           | 3 4 5 6 |  6.4
Dodging        | 1 2 |  2.5
Short Blades   | |  0.2
Stealth        | |  0.8

Action                     |  1- 3 |  4- 6 |  7- 9 || total
---------------------------+-------+-------+-------++-------
  Melee: War axe           |    65 |   445 |       ||   510
         Headbutt          |     8 |   139 |     4 ||   151
         Short sword       |       |     4 |    11 ||    15
    Use: Potion            |     1 |       |       ||     1
         Scroll            |       |     6 |       ||     6
 Armour: Scale mail        |    29 |    60 |     5 ||    94
  Dodge: Dodged            |    41 |    69 |     7 ||   117
  Block: Buckler           |    15 |    34 |     2 ||    51
